 Dungeon Crawl Stone Soup version 0.20-a0-303-g575bbf7 (webtiles) character file.

3738 inmateoo the Covert (level 9, -1/37 HPs)
             Began as a Felid Wanderer on Dec 17, 2016.
             Was a Priest of Hepliaklqana.
             Killed by divine providence
             ... invoked by an orc priest
              (10 damage)
             ... on level 9 of the Dungeon.
             The game lasted 00:16:38 (9516 turns).

inmateoo the Covert (Felid Wanderer)                Turns: 9516, Time: 00:16:39

Health: -1/37      AC:  3    Str:  4    XL:     9   Next: 93%
Magic:  14/14      EV: 27    Int: 14    God:    Hepliaklqana [***...]
Gold:   276        SH:  4    Dex: 18    Spells: 12/14 levels left
                                        Lives:  0   Deaths: 2

rFire  . . .     SeeInvis +       - Unarmed
rCold  + . .     Gourm    .     (armour unavailable)
rNeg   . . .     Faith    .     (shield unavailable)
rPois  .         Spirit   .     (helmet unavailable)
rElec  .         Reflect  +     (cloak unavailable)
rCorr  .         Harm     .     (gloves unavailable)
MR     +....                    (boots unavailable)
Stlth  +++++++...               u - +4 amulet of reflection
                                g - ring of stealth
                                d - +5 ring of evasion

@: quick
A: no armour, no weapons or thrown items, stealth, reduced essence, claws 1,
fangs 3, see invisible, carnivore 3, clumsy 1, speed 1, mutation resistance 1,
shaggy fur 3, slow metabolism 1, weak 1, sharp paws
a: Recall Ancestor, Ancestor Identity, Transference, Renounce Religion


You were on level 9 of the Dungeon.
You worshipped Hepliaklqana.
Hepliaklqana was most pleased with you.
You were very full.

You visited 2 branches of the dungeon, and saw 10 of its levels.
You also visited: Sewer and Ossuary.

You collected 486 gold pieces.
You spent 210 gold pieces at shops.

Inventory:

Jewellery
 d - a +5 ring of evasion (left paw)
 g - a ring of stealth (right paw)
 o - an uncursed ring of protection from cold
 u - a +4 amulet of reflection (around neck)
 G - an uncursed ring of fire
Wands
 i - a wand of flame (16/48)
 w - a wand of flame (14/48)
 C - a wand of iceblast (4/15)
 D - a wand of confusion (23/48)
Scrolls
 e - 2 scrolls of recharging
 f - 8 scrolls of amnesia
 h - 4 scrolls of remove curse
 n - 2 scrolls of teleportation
 B - a scroll of magic mapping
 E - 2 scrolls of fog
 F - a scroll of blinking
Potions
 a - a potion of berserk rage
 b - 9 potions of curing
 k - 3 potions of might
 m - 7 potions of heal wounds
 p - 4 potions of ambrosia
 q - a potion of agility
 r - a potion of resistance
 s - a potion of magic
 v - a potion of haste
 z - 6 potions of flight {unknown}
 A - a potion of lignification
Books
 x - a book of Power

   Spells                             Type                      Level
   a - Fulminant Prism                Conjuration/Hexes            4
   b - Iskenderun's Mystic Blast      Conjuration                  4
   c - Venom Bolt                     Conjuration/Poison           5
   d - Bolt of Magma                  Conjuration/Fire/Earth       5
   e - Iron Shot                      Conjuration/Earth            6
   f - Orb of Destruction             Conjuration                  7
   g - Spellforged Servitor           Conjuration/Summoning        7
 y - a book of Cantrips

   Spells                             Type                      Level
   a - Confusing Touch                Hexes                        1
   b - Animate Skeleton               Necromancy                   1
   c - Summon Small Mammal            Summoning                    1
   d - Apportation                    Translocation                1
Comestibles
 c - 6 meat rations
 j - 2 beef jerkies
 l - 2 royal jellies
 t - a slice of pizza


   Skills:
 + Level 6.6 Fighting
 + Level 6.2 Dodging
 * Level 13.6 Stealth
 + Level 6.6 Unarmed Combat
 + Level 3.2 Spellcasting
 * Level 7.0 Hexes
 + Level 5.1 Evocations


You had 12 spell levels left.
You knew the following spells:

 Your Spells              Type           Power        Failure   Level  Hunger
a - Apportation           Tloc           #.........   24%         1    #......
b - Confusing Touch       Hex            ###...       1%          1    #......


Dungeon Overview and Level Annotations

Branches:
Dungeon (9/15)             Temple (1/1) D:5            Lair (0/6) D:9
    Orc (0/2) D:9

Altars:
Ashenzari
Cheibriados
Dithmenos
Elyvilon
Fedhas
Gozag
Hepliaklqana
Kikubaaqudgha
Makhleb
Nemelex Xobeh
Qazlal
Ru
Sif Muna
Trog
Uskayaw
Vehumet
Yredelemnul
Zin
The Shining One

Shops:
D:8 *


Innate Abilities, Weirdness & Mutations

You cannot wear armour.
You are incapable of wielding weapons or throwing items.
Your paws allow you to move quietly. (Stealth)
You have sharp claws.
You have razor-sharp teeth.
You have supernaturally acute eyesight. (SInv)
You are carnivorous and can eat meat at any time.
You cover ground quickly.
Your thick and shaggy fur keeps you warm. (AC +3, rC+)
You have a slow metabolism.
Your sharp claws are effective at attacking unaware monsters.
Your life essence is reduced. (-10% HP)
You are clumsy. (Dex -2)
You are somewhat resistant to further mutation.
You are weak. (Str -2)


Message History

Unknown command. Ælfric hits the orc warrior but does no damage. Ælfric drains the orc warrior!
The orc warrior hits Ælfric with a trident! Ælfric hits the orc warrior with a dagger of draining. Ælfric gestures at the orc warrior while chanting.
The orc warrior appears confused.
Unknown command.
The orc warrior says, "I'm a little confused."
The orc warrior barely misses you.
Unknown command.
You pounce on the helpless orc warrior from behind!
You claw the orc warrior!
You kill the orc warrior!
Unknown command.
Things that are here:
a trident; a chain mail; a warg corpse The orc priest calls down the wrath of Beogh upon you.
Beogh smites you!
You die...

####.........# ####>#####........
..R.........####.......####......
####...###### ........... #######
#...# #.......#....## # #...#
#.....# .... # #...# ##o8)8.##
.... # #...# #.R.....#..... ##
....# #..#'#..#..#.# #. ....#
#@##h##.#.##.## #.
#)#o?o#.#.#.(.#.##
#.#.?.#.#.#())#.#
#.##.##.#.##.##.#
#..#+#..#..#.#..##
+.......'.......#.
##.8.8.###.....##[ ##...##
##...##.. ##### #...#...


You could see the friendly Ælfric the hexer and an orc priest.

Vanquished Creatures
  A troll (D:9)
  A hippogriff (D:9)
  3 wyverns (D:9)
  Menkaure (D:4)
  2 wargs (D:9)
  An acid dragon (D:9)
  An orc warrior (D:9)
  3 sky beasts
  A black bear (D:8)
  A necrophage (D:6)
  2 phantoms
  Purgy (Sewer)
  An ice beast (D:9)
  An ogre (D:5)
  A centaur (D:8)
  2 crocodiles
  2 bullfrogs (D:6)
  5 scorpions
  3 wights (D:8)
  A howler monkey (D:8)
  2 centaur zombies
  3 crimson imps
  2 orc priests
  A gnoll shaman (D:6)
  3 hounds
  4 orc wizards
  Crazy Yiuf (D:4)
  Jessica (D:3)
  5 worker ants
  2 mummies (Ossuary)
  A howler monkey zombie (D:7)
  15 adders
  4 gnolls
  A shadow imp (D:6)
  An adder zombie (D:5)
  2 adder skeletons
  4 leopard geckos
  26 orcs
  A ball python (D:4)
  A giant cockroach (D:5)
  A gnoll zombie (Ossuary)
  12 goblins
  13 hobgoblins
  3 jackals (D:5)
  6 quokkas
  6 bats
  13 frilled lizards
  A giant cockroach zombie (D:5)
  A goblin zombie (D:8)
  4 hobgoblin zombies (Ossuary)
  9 kobolds
  A kobold zombie (Ossuary)
  An orc zombie (Ossuary)
  A quokka zombie (D:8)
  13 rats
199 creatures vanquished.

Vanquished Creatures (collateral kills)
  A two-headed ogre (D:9)
  A troll (D:8)
  An orc warrior (D:8)
  A phantom (D:6)
  A scorpion (D:7)
  2 wights (D:8)
  3 orc priests
  3 orc wizards
  A worker ant (D:7)
  A mummy (Ossuary)
  2 gnolls (D:6)
  3 orcs
  3 goblins
  A quokka (D:6)
  A leopard gecko zombie (D:7)
25 creatures vanquished.

Vanquished Creatures (others)
  A hexer (D:8)
1 creature vanquished.

Grand Total: 225 creatures vanquished

Notes
Turn   | Place    | Note
-------+----------+-------------------------------------------
     0 | D:1      | inmateoo the Felid Wanderer began the quest for the Orb.
     0 | D:1      | inmateoo set off with: 2 potions of berserk rage, 2 potions of curing, a meat ration
     0 | D:1      | Reached XP level 1. HP: 11/11 MP: 2/2
   451 | D:1      | Reached XP level 2. HP: 12/15 MP: 3/3
   560 | D:1      | Reached skill level 6 in Stealth
  1244 | D:1      | Reached XP level 3. HP: 17/18 MP: 4/4
  1568 | D:2      | Reached skill level 7 in Stealth
  1644 | D:2      | Found a blossoming altar of Fedhas.
  1659 | D:2      | Found a hide-covered altar of Uskayaw.
  1713 | D:2      | Found a bloodstained altar of Trog.
  1774 | D:2      | Reached XP level 4. HP: 22/22 MP: 5/5
  1932 | D:3      | Noticed Jessica
  1957 | D:3      | Killed Jessica
  2130 | D:3      | Reached skill level 8 in Stealth
  2194 | D:3      | Found a glowing drain.
  2207 | D:3      | Reached XP level 5. HP: 17/25 MP: 6/6
  2218 | Sewer    | Entered a sewer
  2506 | Sewer    | Noticed Purgy
  2521 | Sewer    | Killed Purgy
  2715 | D:3      | Found a stormy altar of Qazlal.
  2939 | D:4      | Reached skill level 9 in Stealth
  2939 | D:4      | Gained mutation: You are covered in thick fur. (AC +2) [Felid growth]
  2939 | D:4      | Reached XP level 6. HP: 28/28 MP: 7/7
  2976 | D:4      | Noticed Menkaure
  3046 | D:4      | Found a runed door.
  3050 | D:4      | Noticed Crazy Yiuf
  3054 | D:4      | Killed Crazy Yiuf
  3101 | D:4      | HP: 1/28 [orc priest/dagger (6)]
  3630 | D:4      | Killed Menkaure
  3630 | D:4      | Reached skill level 10 in Stealth
  3637 | D:4      | Reached XP level 7. HP: 29/32 MP: 8/8
  3772 | D:4      | Found a glowing silver altar of Zin.
  3813 | D:5      | Entered Level 5 of the Dungeon
  3998 | D:5      | Found a shadowy altar of Dithmenos.
  4036 | D:5      | Found a staircase to the Ecumenical Temple.
  4044 | Temple   | Entered the Ecumenical Temple
  4067 | Temple   | Became a worshipper of Hepliaklqana the Forgotten
  4377 | D:5      | Reached skill level 1 in Evocations
  4735 | D:6      | Reached * piety under Hepliaklqana
  4796 | D:6      | Reached skill level 11 in Stealth
  4796 | D:6      | Reached XP level 8. HP: 19/31 MP: 10/10
  5152 | D:6      | Reached skill level 5 in Unarmed Combat
  5242 | D:6      | Slain by a bullfrog
  5243 | D:6      | Reached XP level 7. HP: -4/28 MP: 9/9
  5363 | D:6      | Gained mutation: You are weak. (Str -2) [mutagenic meat]
  5364 | D:6      | Gained mutation: Your thick and shaggy fur keeps you warm. (AC +3, rC+) [mutagenic meat]
  5365 | D:6      | Gained mutation: You are clumsy. (Dex -2) [mutagenic meat]
  5367 | D:6      | Gained mutation: You are somewhat resistant to further mutation. [mutagenic meat]
  5402 | D:6      | Reached skill level 5 in Fighting
  5643 | D:6      | Found a bloodstained altar of Trog.
  5901 | D:6      | Reached skill level 12 in Stealth
  5901 | D:6      | Reached XP level 8. HP: 33/33 MP: 11/11
  5966 | D:6      | Found a basalt altar of Yredelemnul.
  6104 | D:6      | Found a deep blue altar of Sif Muna.
  6286 | D:7      | Learned a level 1 spell: Apportation
  6288 | D:7      | Learned a level 1 spell: Confusing Touch
  6452 | D:7      | Reached ** piety under Hepliaklqana
  6547 | D:7      | Remembered your ancestor Ælfric as a hexer
  6550 | D:7      | Reached skill level 1 in Hexes
  7448 | D:8      | Reached skill level 1 in Spellcasting
  7496 | D:8      | Found a sand-covered staircase.
  7541 | Ossuary  | Entered an ossuary
  7811 | D:8      | Reached XP level 9. HP: 21/36 MP: 12/12
  7937 | D:8      | Reached skill level 5 in Dodging
  8297 | D:8      | Noticed a troll
  8311 | D:8      | HP: 1/36 [orc warrior/halberd (20)]
  8336 | D:8      | Slain by an orc
  8337 | D:8      | Reached XP level 8. HP: -1/34 MP: 12/12
  8500 | D:8      | Found Ewes's Assorted Antiques.
  8508 | D:8      | Bought a scroll of magic mapping for 98 gold pieces
  8508 | D:8      | Bought a forked glass wand for 112 gold pieces
  8682 | D:8      | Killed a troll
  8928 | D:9      | Reached *** piety under Hepliaklqana
  9065 | D:9      | Reached skill level 13 in Stealth
  9065 | D:9      | Reached skill level 5 in Hexes
  9086 | D:9      | Noticed a troll
  9093 | D:9      | Killed a troll
  9111 | D:9      | Found a bloodstained altar of Trog.
  9204 | D:9      | Reached XP level 9. HP: 37/37 MP: 13/13
  9301 | D:9      | Found a staircase to the Lair.
  9476 | D:9      | Noticed a two-headed ogre
  9478 | D:9      | Found a staircase to the Orcish Mines.
  9487 | D:9      | Killed a two-headed ogre
  9487 | D:9      | Reached skill level 5 in Evocations
  9516 | D:9      | Killed from afar by an orc priest

Vault maps used:
D:1:      elethiomel_arrival_infinity_welcomes_careful_drivers
D:2:      lemuel_crystal_altar, overflow_temple_1_default, trog_book
D:3:      grunt_qazlal_clouds, portal_sewer_entry_d, uniq_jessica
D:4:      zin_scriptorium, minmay_box_of_dots, uniq_menkaure,
          uniq_crazy_yiuf_cottage
D:5:      grunt_dithmenos_smoke_and_mirrors, first_bread
D:6:      led_sif_pool, yredelemnul_altar_generic, trog_hazing_becter
D:7:      corexii_shack_village
D:8:      serial_shops, shop, enter_ossuary_4
D:9:      lemuel_crystal_altar, erik_lair_dragon, david_orc_1_choice
Temple:   dshaligram_water_room_temple
Sewer:    sewer_co_purgy_island
Ossuary:  ossuary_crypta

Skill      XL: |  1  2  3  4  5  6  7  8  9 |
---------------+----------------------------+-----
Stealth        | 6 7 8 9 10 12 13 | 13.6
Unarmed Combat | 2 3 4 5 6 |  6.6
Dodging        | 4 3 6 |  6.2
Evocations     | 3 5 |  5.1
Fighting       | 5 6 |  6.6
Hexes          | 5 7 |  7.0
Spellcasting   | 2 3 |  3.2

Action                   |  1- 3 |  4- 6 |  7- 9 || total
-------------------------+-------+-------+-------++-------
Melee: Unarmed           |    93 |   143 |   512 ||   748
       Bite              |     6 |     9 |    43 ||    58
       Punch             |       |     1 |     8 ||     9
 Cast: Confusing Touch   |       |       |     4 ||     4
Invok: Recall Ancestor   |       |       |     5 ||     5
       Ancestor Life: He |       |       |     1 ||     1
Evoke: Wand              |       |       |     9 ||     9
  Use: Scroll            |     2 |    11 |    10 ||    23
       Potion            |       |     4 |       ||     4
 Stab: Sleeping          |    20 |     7 |    54 ||    81
       Distracted        |     1 |       |     3 ||     4
       Invisible         |       |     4 |       ||     4
       Confused          |       |       |     7 ||     7
  Eat: Chunk             |     8 |     5 |    33 ||    46
Armor: Skin              |     4 |    12 |    11 ||    27
Dodge: Dodged            |    58 |   119 |   358 ||   535
Block: Other             |       |       |    53 ||    53
       Reflection        |       |       |     2 ||     2
